 Dungeon Crawl Stone Soup version 0.26-a0-682-g294304f6e8 (webtiles) character file.

Game seed: 10110807982185497924

58 dickylongcocking the Grave Robber (level 3, -2/28 HPs)
             Began as a Deep Dwarf Necromancer on Oct 21, 2020.
             Killed by divine providence
             ... invoked by an orc priest
              (13 damage)
             ... on level 2 of the Dungeon.
             The game lasted 00:02:37 (2349 turns).

dickylongcocking the Grave Robber (DDNe)            Turns: 2349, Time: 00:02:38

Health: -2/28      AC:  2    Str: 11    XL:     3   Next: 75%
Magic:  1/5        EV: 12    Int: 16    God:
Gold:   109        SH:  0    Dex: 13    Spells: 1/5 levels left

rFire    . . .     SeeInvis .   g - +0 dagger (elec)
rCold    . . .     Faith    .   (no shield)
rNeg     . . .     Spirit   .   a - +0 robe
rPois    .         Reflect  .   (no helmet)
rElec    .         Harm     .   (no cloak)
rCorr    .         Rampage  .   (no gloves)
MR       .....                  (no boots)
Stlth    ++........             (no amulet)
HPRegen  0.00/turn              (no ring)
MPRegen  0.09/turn              (no ring)

@: non-regenerating
A: damage resistance, heal wounds, sense surroundings 1, no regeneration
a: Heal Wounds


You were on level 2 of the Dungeon.
You visited 1 branch of the dungeon, and saw 2 of its levels.

You collected 109 gold pieces.

Inventory:

Hand Weapons
 e - a +2 dagger of protection
 g - a +0 dagger of electrocution (weapon)
Armour
 a - a +0 robe (worn)
Scrolls
 c - a scroll of fear {unknown}
 d - a scroll of fog {unknown}
 f - 2 scrolls of remove curse {unknown}
 h - a scroll of identify {unknown}
 i - a scroll of teleportation {unknown}


   Skills:
 * Level 1.4 Short Blades
 - Level 2.2 Dodging
 - Level 2.4 Stealth
 - Level 1.7 Spellcasting
 * Level 5.6 Necromancy


You had one spell level left.
You knew the following spells:

 Your Spells              Type           Power        Failure   Level
a - Pain                  Necr           ###.         2%          1
b - Vampiric Draining     Necr           ###.......   6%          3

Your spell library contained the following spells:

 Spells                   Type           Power        Failure   Level
 Animate Skeleton         Necr           ###...       2%          1
 Animate Dead             Necr           ###.......   22%         4
 Agony                    Necr           ###.....     52%         5


Dungeon Overview and Level Annotations

Branches:
Dungeon (2/15)

Altars:


Innate Abilities, Weirdness & Mutations

You are resistant to damage.
You can heal yourself by infusing magical energy.
You passively map a small area around you.
You do not regenerate.


Message History

Press: ? - help, Shift-Dir - straight line, f - orc
Aim: an orc, wielding a +0 mace (chance to defeat MR: 89%)
The orc writhes in agony.
The orc hits you with a +0 mace.
Unknown command.
You hit the rat but do no damage. Lightning courses through the rat!
You kill the rat!
The orc hits you but does no damage.
You aren't carrying any potions.
Unknown command.
Unknown command.
You hit the orc.
You kill the orc!
The dart slug launches a dart at you. The slug dart hits you.
Unknown command.
You hit the orc. Lightning courses through the orc!
You kill the orc!
The orc priest mumbles some strange prayers to Beogh against you.
Beogh smites you!
You die...

* .# #.#.##
###.##### #.#.## *
#o......# #.#... ,
#..o.##.# #.####
#.o...#.# #.# #
#o.,. #.# #.# #.###
#.#.###.###.#
#..w.###o#.........#
* #).@)o..###.#####
#####.#####.#
#.......# #########


You could see an orc priest, an orc wizard and a dart slug.

Vanquished Creatures
  2 adders (D:2)
  A worm (D:2)
  A dart slug (D:1)
  2 orcs (D:2)
  7 bats (D:1)
  A giant cockroach (D:2)
  5 goblins
  5 hobgoblins
  A ball python (D:2)
  2 frilled lizards
  2 kobolds (D:1)
  A leopard gecko skeleton (D:2)
  3 rats
33 creatures vanquished.

Notes
Turn   | Place    | Note
-------+----------+-------------------------------------------
     0 | D:1      | dickylongcocking the Deep Dwarf Necromancer began the quest
                  | for the Orb.
     0 | D:1      | Reached XP level 1. HP: 15/15 MP: 3/3
   219 | D:1      | Reached XP level 2. HP: 22/22 MP: 0/4
   402 | D:1      | Reached skill level 5 in Necromancy
  1134 | D:2      | Reached skill level 1 in Short Blades
  1134 | D:2      | Reached XP level 3. HP: 11/28 MP: 0/5
  1284 | D:2      | Learned a level 3 spell: Vampiric Draining
  2349 | D:2      | Killed from afar by an orc priest

Illustrated notes

Levels and vault maps discovered:
D:1:      dpeg_arrival_round_a, layout_loops_ring
D:2:      layout_loops_corners

Skill      XL: |  1  2 |
---------------+-------+-----
Necromancy     | 5 |  5.6
Short Blades   | 1 |  1.4
Dodging        | |  2.2
Stealth        | |  2.4
Spellcasting   | |  1.7

Action                   || total
-------------------------++-------
Melee: Unarmed           ||     2
       Dagger            ||    41
 Cast: Pain              ||    46
       Vampiric Draining ||     9
  Use: Potion            ||     1
Armor: Robe              ||    23
Dodge: Dodged            ||    43

Table legend: (Time is in decaauts)
 A = Elapsed time spent in this place.
 B = Non-inter-level travel time spent in this place.
 C = Inter-level travel time spent in this place.
 D = Time resting spent in this place.
 E = Time spent auto-exploring this place.
 F = Levels seen in this place.
 G = Mean time per level.
                   A        B        C        D        E       F      G
               +--------+--------+--------+--------+--------+-----+--------+
         Total |   2346 |   2290 |     56 |    644 |   1287 |   2 | 1173.0 |
       Dungeon |   2346 |   2290 |     56 |    644 |   1287 |   2 | 1173.0 |
               +--------+--------+--------+--------+--------+-----+--------+

Top non-repeatable levels by time:
     D:2: 1215 daAuts
     D:1: 1131 daAuts
